[Event "ICC tourney 2435 (75 10)"]
[Site "Internet Chess Club"]
[Date "2021.03.07"]
[Round "4"]
[White "CHANDI, ISHNOOR SINGH:Ishnoor"]
[Black "QIAO, ETHAN:CougarForest"]
[Result "1-0"]
[ICCResult "Black checkmated"]
[WhiteElo "1577"]
[BlackElo "1547"]
[Opening "Sicilian: Alapin's variation (2.c3)"]
[ECO "B22"]
[NIC "SI.47"]
[Time "13:03:19"]
[PlyCount "81"]
[TimeControl "4500+10"]

1. e4 c5 2. c3 Nf6 3. e5 Nd5 4. d4 cxd4 5. cxd4 g6 6. Nf3 Bg7 7. Bc4 Nb6 8.
Bb3 O-O 9. O-O d6 10. Qe2 Nc6 11. Nc3 Bg4 12. e6 f5 13. d5 Nd4 14. Qd3 Bxf3
15. gxf3 Rc8 16. f4 Qc7 17. Bd2 Nc4 18. Bxc4 Qxc4 19. Qxc4 Rxc4 20. Kg2
Rfc8 21. Rac1 b5 22. b3 R4c5 23. f3 Nxb3 24. axb3 Bxc3 25. Bxc3 Rxc3 26.
Rxc3 Rxc3 27. Ra1 Rxb3 28. Rxa7 Kf8 29. Ra8+ Kg7 30. Re8 Rd3 31. Rxe7+ Kf8
32. Rf7+ Kg8 33. Rd7 Rxd5 34. Rd8+ Kg7 35. e7 Rd2+ 36. Kf1 b4 37. e8=Q Kh6
38. Qe7 b3 39. Qg5+ Kg7 40. Rd7+ Kf8 41. Qd8# { Black checkmated } 1-0

[Event "ICC tourney 2435 (75 10)"]
[Site "Internet Chess Club"]
[Date "2021.03.07"]
[Round "4"]
[White "MARTINEZ, ABEL:abelMZ084"]
[Black "GUNN, HAN:Han366"]
[Result "0-1"]
[ICCResult "White resigns"]
[WhiteElo "1636"]
[BlackElo "1700"]
[Opening "Richter-Veresov attack"]
[ECO "D01"]
[NIC "QP.07"]
[Time "13:03:22"]
[PlyCount "78"]
[TimeControl "4500+10"]

1. d4 Nf6 2. Nc3 d5 3. Bg5 Nbd7 4. Qd2 h6 5. Bh4 g5 6. Bg3 c6 7. f3 Bg7 8.
e4 a6 9. Bd3 b5 10. Nge2 Nb6 11. b3 Nh5 12. Bf2 e5 13. O-O O-O 14. Rad1 Be6
15. Qe3 Nd7 16. Rfe1 Rc8 17. dxe5 Nxe5 18. exd5 cxd5 19. Be4 Nf6 20. Bd3
Nxd3 21. Qxd3 Qa5 22. a4 b4 23. Nb1 Nd7 24. Nd4 Ne5 25. Qd2 Rfe8 26. f4
gxf4 27. Qxf4 Qd8 28. Rxe5 Bxe5 29. Qxe5 Bg4 30. Qg3 Qg5 31. Nf3 Bxf3 32.
Qxf3 Rxc2 33. Kf1 Re5 34. h4 Qg6 35. Rxd5 Rxd5 36. Qxd5 Rc1+ 37. Ke2 Rxb1
38. Qa8+ Kh7 39. Qxa6 Qxa6+ { White resigns } 0-1

[Event "ICC tourney 2435 (75 10)"]
[Site "Internet Chess Club"]
[Date "2021.03.07"]
[Round "4"]
[White "RAJESH, ANIRUDH:anirudhrajesh"]
[Black "THOMAS, MICHAEL G:chesslin"]
[Result "0-1"]
[ICCResult "White forfeits on time"]
[WhiteElo "1535"]
[BlackElo "1790"]
[Opening "King's Indian: Smyslov system"]
[ECO "E61"]
[NIC "KI.76"]
[Time "13:04:12"]
[PlyCount "124"]
[TimeControl "4500+10"]

1. d4 g6 2. c4 Bg7 3. Nc3 Nf6 4. Nf3 d6 5. Bg5 h6 6. Bh4 O-O 7. e3 Nbd7 8.
Be2 c6 9. Qc2 Qc7 10. Rc1 a6 11. Qb1 b6 12. O-O Bb7 13. h3 Rac8 14. Nd2 Qb8
15. e4 c5 16. d5 Rfe8 17. f4 e6 18. Bd3 exd5 19. exd5 b5 20. b3 b4 21. Nd1
Nf8 22. Rf3 Rc7 23. Nf2 Rce7 24. Ng4 Nxg4 25. Bxe7 Bd4+ 26. Kh1 Rxe7 27.
hxg4 Qe8 28. Rff1 Bc8 29. f5 g5 30. Rce1 Re3 31. Ne4 Qe5 32. Rxe3 Bxe3 33.
Qa1 Bd4 34. Qe1 Nh7 35. Ng3 Nf6 36. Qxe5 Bxe5 37. Ne4 Nxg4 38. Rf3 f6 39.
Nf2 h5 40. Nxg4 hxg4 41. Re3 g3 42. Be2 Bxf5 43. Bd3 Bd7 44. Re2 Kf7 45.
Kg1 f5 46. Kf1 f4 47. Be4 Kf6 48. Rd2 a5 49. Ke2 Bc3 50. Rd1 Ke5 51. Bf3
Bf5 52. Kf1 Bc2 53. Rc1 Bd3+ 54. Be2 Be4 55. Bf3 Bd3+ 56. Be2 Ke4 57. Rd1
Bxe2+ 58. Kxe2 g4 59. Rd3 Be1 60. Rd1 Bf2 61. Rh1 f3+ 62. Kf1 Kd4 { White
forfeits on time } 0-1

[Event "ICC tourney 2435 (75 10)"]
[Site "Internet Chess Club"]
[Date "2021.03.07"]
[Round "5"]
[White "WANG, LEO Q:wahoo"]
[Black "TREY, JUSTIN:Torsten936"]
[Result "0-1"]
[ICCResult "White checkmated"]
[WhiteElo "1646"]
[BlackElo "1652"]
[Opening "French: Rubinstein variation"]
[ECO "C10"]
[NIC "FR.07"]
[Time "16:31:49"]
[PlyCount "100"]
[TimeControl "4500+10"]

1. e4 e6 2. d4 d5 3. Nc3 dxe4 4. Nxe4 Nd7 5. Nf3 Ngf6 6. Bg5 Be7 7. Nxf6+
Nxf6 8. Bd3 O-O 9. O-O b6 10. Bxf6 Bxf6 11. Be4 Ba6 12. Bxa8 Bxf1 13. Qxf1
Qxa8 14. Rd1 Rd8 15. c3 Qd5 16. Qa6 Qc6 17. Qxa7 Ra8 18. Ne5 Bxe5 19. dxe5
g6 20. Qxa8+ Qxa8 21. a3 Qe4 22. Kf1 Qc2 23. Rd8+ Kg7 24. Rd7 Qxb2 25. Rxc7
Qxa3 26. Rd7 Qxc3 27. Rd1 b5 28. h4 b4 29. h5 h6 30. hxg6 Kxg6 31. g4 b3
32. g5 hxg5 33. Ke2 b2 34. Kf1 Qc2 35. Re1 b1=Q 36. Rxb1 Qxb1+ 37. Kg2 Qe4+
38. Kf1 g4 39. Kg1 Qxe5 40. Kg2 Qf4 41. Kg1 Qf3 42. Kh2 Qxf2+ 43. Kh1 Qf1+
44. Kh2 f5 45. Kg3 Qf3+ 46. Kh2 g3+ 47. Kh3 g2+ 48. Kh2 f4 49. Kg1 Qf1+ 50.
Kh2 Qh1# { White checkmated } 0-1

[Event "ICC tourney 2435 (75 10)"]
[Site "Internet Chess Club"]
[Date "2021.03.07"]
[Round "5"]
[White "ROWLAND, OLUROTIMI:ROWLAND"]
[Black "CHANDI, ISHNOOR SINGH:Ishnoor"]
[Result "0-1"]
[ICCResult "White resigns"]
[WhiteElo "1552"]
[BlackElo "1577"]
[Opening "French: Tarrasch, closed variation"]
[ECO "C05"]
[NIC "FR.17"]
[Time "16:32:44"]
[PlyCount "64"]
[TimeControl "4500+10"]

1. e4 e6 2. d4 d5 3. Nd2 Nf6 4. e5 Nfd7 5. Bd3 c5 6. c3 Nc6 7. Ne2 Be7 8.
O-O O-O 9. Nf3 f6 10. Ng3 cxd4 11. cxd4 Qc7 12. Nh4 fxe5 13. Qh5 Nf6 14.
Bxh7+ Nxh7 15. Bh6 Bxh4 16. Qxh4 gxh6 17. Nh5 Kh8 18. Rac1 Qe7 19. Qg4 Qg5
20. Qe2 Nxd4 21. Qd1 Nf3+ 22. Kh1 Qxh5 23. gxf3 Qxf3+ 24. Qxf3 Rxf3 25. Rc7
Ng5 26. Rg1 Rf7 27. Rc3 Bd7 28. Rg4 Bc6 29. Rcg3 Rxf2 30. h4 Nf3 31. Rxf3
Rxf3 32. Kg2 d4 { White resigns } 0-1

[Event "ICC tourney 2435 (75 10)"]
[Site "Internet Chess Club"]
[Date "2021.03.07"]
[Round "5"]
[White "PATEL, ARAV:APBrain"]
[Black "BRUDNO, STEPHEN:StevChess01"]
[Result "1-0"]
[ICCResult "Black checkmated"]
[WhiteElo "1669"]
[BlackElo "1652"]
[Opening "Queen's pawn: London system"]
[ECO "A45"]
[NIC "QP.07"]
[Time "16:31:50"]
[PlyCount "47"]
[TimeControl "4500+10"]

1. d4 Nf6 2. Bf4 c5 3. e3 Qb6 4. Na3 Qb4+ 5. c3 Qb6 6. Nc4 Qd8 7. Bd3 d5 8.
Ne5 e6 9. Ngf3 c4 10. Bc2 Nc6 11. Ba4 Bd7 12. Bxc6 bxc6 13. Ng5 Qb6 14. Rb1
h6 15. Ngxf7 Rg8 16. Qc2 g5 17. Bg3 Ke7 18. Nxd7 Kxd7 19. Ne5+ Ke8 20. O-O
Ne4 21. f3 Nxg3 22. hxg3 Bd6 23. Qh7 Rf8 24. Qd7# { Black checkmated } 1-0

[Event "ICC tourney 2435 (75 10)"]
[Site "Internet Chess Club"]
[Date "2021.03.07"]
[Round "5"]
[White "THOMAS, MICHAEL G:chesslin"]
[Black "MARTINEZ, ABRAHAM:Pugnacious"]
[Result "1-0"]
[ICCResult "Black resigns"]
[WhiteElo "1790"]
[BlackElo "1661"]
[Opening "Queen's pawn: London system"]
[ECO "A45"]
[NIC "QP.07"]
[Time "16:32:44"]
[PlyCount "67"]
[TimeControl "4500+10"]

1. d4 Nf6 2. Bf4 d5 3. e3 c5 4. Nc3 Qa5 5. Nf3 Bf5 6. Bb5+ Nc6 7. Ne5 Rc8
8. O-O e6 9. g4 Bg6 10. h4 h5 11. Nxg6 fxg6 12. Bd3 hxg4 13. Bxg6+ Ke7 14.
Bg5 Kd7 15. dxc5 Qxc5 16. e4 d4 17. Ne2 Kc7 18. c3 dxc3 19. Rc1 Kb8 20.
Rxc3 Qa5 21. Nd4 Nxd4 22. Rxc8+ Kxc8 23. Qxd4 Bc5 24. Rc1 Qe1+ 25. Rxe1
Bxd4 26. e5 Nd5 27. Kg2 Rf8 28. Re2 Kd7 29. Be4 b6 30. Bxd5 exd5 31. e6+
Ke8 32. Rd2 Bc5 33. Rxd5 Rxf2+ 34. Kg3 { Black resigns } 1-0

[Event "ICC tourney 2435 (75 10)"]
[Site "Internet Chess Club"]
[Date "2021.03.07"]
[Round "5"]
[White "VALE CRUZ, ARMIN:trucker"]
[Black "TREUSDELL , ROSS:IveDoneEnough"]
[Result "0-1"]
[ICCResult "White checkmated"]
[WhiteElo "1643"]
[BlackElo "1564"]
[Opening "Sicilian: Sozin, Leonhardt variation"]
[ECO "B88"]
[NIC "SI.26"]
[Time "16:31:55"]
[PlyCount "88"]
[TimeControl "4500+10"]

1. e4 c5 2. Nf3 Nc6 3. d4 cxd4 4. Nxd4 Nf6 5. Nc3 d6 6. Bc4 e6 7. Bb3 a6 8.
Nxc6 bxc6 9. O-O d5 10. exd5 cxd5 11. Bg5 Be7 12. Re1 O-O 13. Qf3 Qc7 14.
Rad1 Bb7 15. Bf4 Bd6 16. Bxd6 Qxd6 17. h4 Bc6 18. Ba4 Bxa4 19. Nxa4 Qb4 20.
b3 Qxh4 21. g3 Qg5 22. Kg2 Rac8 23. Re2 e5 24. c4 d4 25. Qd3 Nh5 26. Kh2
Rc6 27. Re4 Nf4 28. Qf3 Rh6+ 29. Kg1 Nh3+ 30. Kg2 Rf6 31. Qg4 Qxg4 32. Rxg4
Nxf2 33. Rgxd4 exd4 34. Rxd4 Re8 35. b4 h6 36. Nc3 h5 37. Nd5 Rf5 38. Nf4
Ng4 39. a4 Re3 40. b5 axb5 41. axb5 Rb3 42. Kh3 Rb2 43. Nxh5 Nf2+ 44. Kh4
g5# { White checkmated } 0-1

[Event "ICC tourney 2435 (75 10)"]
[Site "Internet Chess Club"]
[Date "2021.03.07"]
[Round "5"]
[White "ZHANG, SUNNY:AboardBuffalo"]
[Black "VISHWA, SUSHEEL:sushivishwa"]
[Result "0-1"]
[ICCResult "White resigns"]
[WhiteElo "1650"]
[BlackElo "1750"]
[Opening "Ruy Lopez: 5.O-O"]
[ECO "C78"]
[NIC "RL.12"]
[Time "16:31:52"]
[PlyCount "92"]
[TimeControl "4500+10"]

1. e4 e5 2. Nf3 Nc6 3. Bb5 a6 4. Ba4 Nf6 5. O-O b5 6. Bb3 Bc5 7. c3 d6 8.
d4 Bb6 9. h3 O-O 10. a4 Rb8 11. Bg5 h6 12. Bh4 g5 13. Bg3 Re8 14. Re1 Bb7
15. d5 Ne7 16. Nbd2 Ng6 17. Qe2 Nh5 18. Bh2 Nhf4 19. Qf1 Bc8 20. axb5 axb5
21. Bxf4 Nxf4 22. Kh1 Qf6 23. Qxb5 Bxh3 24. gxh3 Nxh3 25. Qd7 Nxf2+ 26. Kg2
g4 27. Nh2 Qh4 28. Ndf1 Qh3+ 29. Kg1 Nxe4+ 30. Kh1 Nf2+ 31. Kg1 g3 32. Qxh3
Nxh3+ 33. Kg2 gxh2 34. Nxh2 Nf4+ 35. Kf3 f5 36. Ba4 Re7 37. Bc6 Rg7 38. Rh1
Rg2 39. Ra2 Kf7 40. Ra8 Rxa8 41. Bxa8 Rxb2 42. Nf1 h5 43. Ne3 Bxe3 44. Kxe3
h4 45. Bc6 Kf6 46. Rf1 h3 { White resigns } 0-1

[Event "ICC tourney 2435 (75 10)"]
[Site "Internet Chess Club"]
[Date "2021.03.07"]
[Round "5"]
[White "Kashyap, Manish B:mnm2"]
[Black "LIAO, CAITLIN:che8642"]
[Result "0-1"]
[ICCResult "White resigns"]
[WhiteElo "1547"]
[BlackElo "1566"]
[Opening "Sicilian: Kan variation"]
[ECO "B41"]
[NIC "SI.41"]
[Time "16:31:53"]
[PlyCount "72"]
[TimeControl "4500+10"]

1. e4 c5 2. Nf3 e6 3. d4 cxd4 4. Nxd4 a6 5. Be3 b5 6. Nd2 Bb7 7. Bd3 Nf6 8.
O-O Qc7 9. Rc1 d5 10. exd5 Nxd5 11. c4 bxc4 12. Rxc4 Qd7 13. Qe2 Nxe3 14.
fxe3 Be7 15. Qh5 Bf6 16. Rfc1 Bd8 17. N2b3 Qd5 18. Qxd5 Bxd5 19. R4c2 Nd7
20. e4 Bb7 21. Nd2 Bb6 22. Rc7 Bxd4+ 23. Kh1 Rb8 24. Rxb7 Rxb7 25. Rc8+ Ke7
26. Rxh8 Rxb2 27. Nc4 Rxa2 28. h3 Ne5 29. Nxe5 Bxe5 30. Kg1 h6 31. Ra8 a5
32. Kf1 a4 33. Ke1 a3 34. Kd1 Bd6 35. Ra7+ Kf6 36. Ra6 Bb4 { White resigns
} 0-1

[Event "ICC tourney 2435 (75 10)"]
[Site "Internet Chess Club"]
[Date "2021.03.07"]
[Round "5"]
[White "ZHU, RYAN:Ryan123455"]
[Black "LI, EDWARD:ScoutViolet"]
[Result "1-0"]
[ICCResult "Black resigns"]
[WhiteElo "1687"]
[BlackElo "1647"]
[Opening "Scotch game"]
[ECO "C45"]
[NIC "SO.05"]
[Time "16:32:03"]
[PlyCount "123"]
[TimeControl "4500+10"]

1. e4 e5 2. Nf3 Nc6 3. d4 exd4 4. Nxd4 Bc5 5. Be3 Qf6 6. c3 Nxd4 7. cxd4
Bb4+ 8. Nc3 d6 9. Qa4+ c6 10. Qxb4 Ne7 11. Be2 O-O 12. O-O b6 13. Qb3 Bb7
14. Qc2 Ng6 15. f4 Rfe8 16. Qd2 c5 17. d5 Qe7 18. Bh5 Nf8 19. f5 Nd7 20.
Bg5 Qe5 21. Bf4 Qe7 22. Qe3 Nf6 23. Bg5 Qe5 24. Bf3 Nxd5 25. Nxd5 Bxd5 26.
exd5 Qxe3+ 27. Bxe3 Rxe3 28. Rfe1 Rae8 29. Kf2 R3e5 30. Rxe5 Rxe5 31. Re1
Rxe1 32. Kxe1 Kf8 33. Kd2 Ke7 34. g4 Kf6 35. h4 Ke5 36. Ke3 h6 37. Be4 f6
38. h5 b5 39. Bf3 a6 40. a3 c4 41. Bg2 a5 42. Bf3 b4 43. axb4 axb4 44. Bg2
c3 45. bxc3 bxc3 46. Be4 c2 47. Bxc2 Kxd5 48. Bb3+ Ke5 49. Bc4 d5 50. Be2
d4+ 51. Kd3 Kd5 52. Bd1 Ke5 53. Kc4 Ke4 54. Kc5 Ke3 55. Kd5 d3 56. Ke6 Kd2
57. Ba4 Ke3 58. Kf7 Kf4 59. Bd1 Ke3 60. Kxg7 Kd2 61. Ba4 Kc1 62. Kxf6 {
Black resigns } 1-0

[Event "ICC tourney 2435 (75 10)"]
[Site "Internet Chess Club"]
[Date "2021.03.07"]
[Round "5"]
[White "ZHANG, FRED:Fredzhang"]
[Black "ANANTH, ANANYA:Ananya22609"]
[Result "0-1"]
[ICCResult "White checkmated"]
[WhiteElo "1508"]
[BlackElo "1625"]
[Opening "Sicilian: Najdorf, Byrne (English) attack"]
[ECO "B90"]
[NIC "SI.14"]
[Time "16:31:48"]
[PlyCount "154"]
[TimeControl "4500+10"]

1. e4 c5 2. Nf3 d6 3. d4 cxd4 4. Nxd4 Nf6 5. Nc3 a6 6. Be3 e5 7. Nf3 Be6 8.
Be2 Be7 9. O-O O-O 10. h3 Nbd7 11. Qd2 Rc8 12. Rad1 b5 13. a3 Nb6 14. b3
Qc7 15. Bxb6 Qxb6 16. Bd3 Qc7 17. Na2 d5 18. exd5 Bxd5 19. c4 bxc4 20. Bxc4
Bxc4 21. bxc4 e4 22. Nd4 Bxa3 23. Qc3 Bd6 24. Nf5 Be5 25. Qa3 Rfe8 26. f3
Qc5+ 27. Qxc5 Rxc5 28. Rf2 Rxc4 29. Nd6 Bxd6 30. Rxd6 Ra4 31. Nc3 Ra1+ 32.
Rf1 Rxf1+ 33. Kxf1 exf3 34. gxf3 Ra8 35. Ke2 Kf8 36. Na4 Ke7 37. Rd4 Ra7
38. Nc5 Nd7 39. Nxd7 Rxd7 40. Rg4 g6 41. Rh4 h5 42. Ra4 Ra7 43. Ke3 Kd6 44.
f4 Kc5 45. Ke4 a5 46. f5 Kb5 47. Ra1 Ra6 48. fxg6 fxg6 49. Kf4 a4 50. Kg5
a3 51. Kf4 Kb4 52. Ke3 Kb3 53. Kf4 Kb2 54. Rg1 a2 55. Kg5 a1=Q 56. Rxa1
Kxa1 57. h4 Kb2 58. Kf4 Kc3 59. Kg5 Ra4 60. Kxg6 Rxh4 61. Kg5 Rh1 62. Kf4
Kd2 63. Kg3 h4+ 64. Kf2 h3 65. Kf3 Ke1 66. Kg3 Kf1 67. Kf4 Rg1 68. Ke5 h2
69. Ke4 h1=Q+ 70. Ke5 Qh5+ 71. Kd4 Qe8 72. Kd5 Rg7 73. Kd6 Rd7+ 74. Kc6
Qc8+ 75. Kb5 Rb7+ 76. Ka6 Qc6+ 77. Ka5 Qb5# { White checkmated } 0-1

[Event "ICC tourney 2435 (75 10)"]
[Site "Internet Chess Club"]
[Date "2021.03.07"]
[Round "5"]
[White "RAJANISH, ABHINAV:Knightboy123"]
[Black "MARTINEZ, ABEL:abelMZ084"]
[Result "1/2-1/2"]
[ICCResult "Game drawn by mutual agreement"]
[WhiteElo "1603"]
[BlackElo "1636"]
[Opening "Ruy Lopez: Cozio defense"]
[ECO "C60"]
[NIC "RL.04"]
[Time "16:31:51"]
[PlyCount "69"]
[TimeControl "4500+10"]

1. e4 e5 2. Nf3 Nc6 3. Bb5 Nge7 4. d3 g6 5. Nc3 Bg7 6. Be3 O-O 7. Qd2 Re8
8. Bc4 Na5 9. Bb3 Nxb3 10. axb3 c6 11. Bh6 Bh8 12. Bg5 Qc7 13. Bxe7 Rxe7
14. h4 d6 15. h5 Bg4 16. hxg6 fxg6 17. Nh2 Qd7 18. Qe3 b6 19. Qg5 Be6 20.
Nf3 Rf8 21. Qe3 d5 22. exd5 cxd5 23. Qd2 Bg4 24. Ng5 e4 25. dxe4 dxe4 26.
Qxd7 Rxd7 27. Ngxe4 Re8 28. O-O Bf5 29. Rfe1 Rde7 30. f3 g5 31. Kf1 g4 32.
Ra2 gxf3 33. gxf3 Bd4 34. Nd5 Bh3+ 35. Ke2 { Game drawn by mutual agreement
} 1/2-1/2

[Event "ICC tourney 2435 (75 10)"]
[Site "Internet Chess Club"]
[Date "2021.03.07"]
[Round "5"]
[White "GOPALAKRISHNAN, KRITIN ROHAN:rokrchess"]
[Black "LIAO, CONNOR:che2468"]
[Result "1-0"]
[ICCResult "Black checkmated"]
[WhiteElo "1578"]
[BlackElo "1508"]
[Opening "Sicilian: Sozin, Leonhardt variation"]
[ECO "B88"]
[NIC "SI.26"]
[Time "16:31:59"]
[PlyCount "127"]
[TimeControl "4500+10"]

1. e4 c5 2. Nf3 d6 3. d4 cxd4 4. Nxd4 Nf6 5. Nc3 Nc6 6. Bc4 e6 7. Nxc6 bxc6
8. e5 Nd5 9. exd6 Bxd6 10. Qf3 Qa5 11. Bd2 Qb6 12. O-O O-O 13. Bb3 Qd4 14.
Nxd5 cxd5 15. Bc3 Qf4 16. Qxf4 Bxf4 17. a4 a5 18. g3 Bd6 19. Rad1 Bc5 20.
Rfe1 Bd7 21. Bxd5 Rac8 22. Bb7 Rc7 23. Bg2 Bb4 24. Bxb4 axb4 25. a5 Bb5 26.
Rd2 Rfc8 27. Red1 g6 28. Ra1 Ba6 29. Rd6 Ra7 30. Rxa6 Rxa6 31. Bb7 Rca8 32.
Bxa8 Rxa8 33. Kg2 Kf8 34. Kf3 Ke7 35. Ke4 Kd6 36. Kd4 e5+ 37. Kc4 f5 38.
Kxb4 f4 39. a6 Kc6 40. a7 Kb6 41. c4 Rxa7 42. Rxa7 Kxa7 43. Kc5 g5 44. Kd5
Kb6 45. b4 h5 46. Kxe5 fxg3 47. fxg3 h4 48. gxh4 gxh4 49. Kd6 Kb7 50. c5
Kb8 51. Kd7 Kb7 52. c6+ Kb6 53. c7 Kb5 54. c8=Q Kxb4 55. Qc6 Kb3 56. Qc5
Kb2 57. Qc4 Kb1 58. Qc3 Ka2 59. Qb4 h3 60. Kd6 Ka1 61. Kd5 Ka2 62. Kd4 Ka1
63. Kc3 Ka2 64. Qb2# { Black checkmated } 1-0

[Event "ICC tourney 2435 (75 10)"]
[Site "Internet Chess Club"]
[Date "2021.03.07"]
[Round "5"]
[White "KATAGI, SAMUEL S:Zugzwischen"]
[Black "HEBBAR, ESHAAN:solveur"]
[Result "0-1"]
[ICCResult "White checkmated"]
[WhiteElo "1699"]
[BlackElo "1611"]
[Opening "Caro-Kann: classical variation"]
[ECO "B18"]
[NIC "CK.10"]
[Time "16:32:26"]
[PlyCount "118"]
[TimeControl "4500+10"]

1. e4 c6 2. d4 d5 3. Nc3 dxe4 4. Nxe4 Bf5 5. Ng3 Bg6 6. c3 e6 7. Nf3 Nf6 8.
h4 h6 9. Ne5 Bh7 10. Bd3 Bxd3 11. Qxd3 Nbd7 12. Nxd7 Qxd7 13. Bf4 Bd6 14.
Bxd6 Qxd6 15. O-O-O O-O-O 16. Kb1 Kb8 17. Qe2 Rhe8 18. Rhe1 Ka8 19. Nf1 Qc7
20. g3 a6 21. f4 Rd7 22. Nd2 Nd5 23. Nc4 f6 24. Qg4 b5 25. Nd2 Rde7 26. Nb3
a5 27. Re2 a4 28. Nc5 a3 29. Nxe6 Qa7 30. f5 axb2 31. Rd3 Qa3 32. Qf3 Ra7
33. Rxb2 Qa5 34. g4 Qa4 35. Qg3 Qc4 36. Nc5 b4 37. cxb4 Nxb4 38. Rd1 Rxa2
39. Qg2 Re2 40. Qxe2 Qxe2 41. Rxe2 Rxe2 42. Rg1 Re4 43. Ne6 Ka7 44. Kb2 Kb6
45. Kc3 Nd5+ 46. Kd3 Re3+ 47. Kd2 Rh3 48. Rb1+ Ka5 49. Rb7 Rxh4 50. Rxg7
Kb4 51. Rg6 Kc4 52. Nd8 Rh2+ 53. Ke1 Kxd4 54. Nxc6+ Ke3 55. Kd1 Rd2+ 56.
Kc1 Kd3 57. Nd8 Rc2+ 58. Kd1 Ne3+ 59. Ke1 Re2# { White checkmated } 0-1

[Event "ICC tourney 2435 (75 10)"]
[Site "Internet Chess Club"]
[Date "2021.03.07"]
[Round "5"]
[White "KUMAR, AGRIM:agrimjax1"]
[Black "JIANG, LEO:hi987"]
[Result "1-0"]
[ICCResult "Black checkmated"]
[WhiteElo "1509"]
[BlackElo "1642"]
[Opening "Sicilian: dragon, Levenfish variation"]
[ECO "B71"]
[NIC "SI.15"]
[Time "16:31:50"]
[PlyCount "167"]
[TimeControl "4500+10"]

1. e4 c5 2. Nf3 d6 3. d4 cxd4 4. Nxd4 Nf6 5. Nc3 g6 6. f4 Nc6 7. Be3 Ng4 8.
Bg1 Bg7 9. Be2 Nf6 10. h3 O-O 11. Qd2 Bd7 12. O-O-O Rc8 13. g4 h6 14. g5
Nh7 15. h4 h5 16. f5 Ne5 17. b3 Re8 18. Nd5 a5 19. Nf3 Nxf3 20. Bxf3 a4 21.
Bb6 axb3 22. Bxd8 bxa2 23. Qa5 a1=Q+ 24. Qxa1 Bxa1 25. Nxe7+ Kf8 26. Nxc8
Rxd8 27. Nxd6 Bc6 28. Rd3 Be5 29. Nc4 Bf4+ 30. Kb1 Ra8 31. Ne3 Bb5 32. c4
Bc6 33. Nd5 Be5 34. Nb6 Ra1+ 35. Kc2 Ra2+ 36. Kd1 Ke8 37. f6 Nf8 38. Rd2
Ra3 39. Ke2 Ne6 40. Rhd1 Bg3 41. Bg2 Bxh4 42. Nd5 Bxd5 43. exd5 Nf4+ 44.
Kf1 Bxg5 45. Re1+ Kd8 46. Rb1 h4 47. d6 Nxg2 48. Rxg2 Bxf6 49. Rf2 Be5 50.
Rxf7 Bxd6 51. Rd1 Ra6 52. c5 Ke8 53. cxd6 Kxf7 54. d7 Ra8 55. d8=Q Rxd8 56.
Rxd8 Kf6 57. Rb8 Kf5 58. Rxb7 g5 59. Rb5+ Kg4 60. Kg2 h3+ 61. Kh2 Kh4 62.
Rb8 g4 63. Rh8+ Kg5 64. Kg3 Kf5 65. Rh5+ Kg6 66. Kxg4 Kf6 67. Rxh3 Ke7 68.
Rf3 Kd6 69. Kf5 Kc5 70. Rd3 Kc4 71. Ke4 Kc5 72. Rd4 Kc6 73. Rd5 Kb6 74. Kd4
Kc6 75. Kc4 Kb6 76. Rc5 Kb7 77. Kd5 Kb6 78. Kd6 Kb7 79. Rc6 Kb8 80. Rc7 Ka8
81. Kc6 Kb8 82. Rh7 Ka8 83. Kb6 Kb8 84. Rh8# { Black checkmated } 1-0

[Event "ICC tourney 2435 (75 10)"]
[Site "Internet Chess Club"]
[Date "2021.03.07"]
[Round "5"]
[White "GUNN, HAN:Han366"]
[Black "KURBANOV, ABROR:Abror"]
[Result "0-1"]
[ICCResult "White resigns"]
[WhiteElo "1700"]
[BlackElo "1635"]
[Opening "QGD: 3.Nc3"]
[ECO "D31"]
[NIC "QO.17"]
[Time "16:31:57"]
[PlyCount "74"]
[TimeControl "4500+10"]

1. d4 e6 2. c4 d5 3. Nc3 f5 4. g3 Nf6 5. Bg2 c6 6. Nf3 Bd6 7. O-O O-O 8. b3
Ne4 9. Qc2 Nd7 10. Nd2 Ndf6 11. Ncxe4 fxe4 12. Qc3 Re8 13. f4 a5 14. a4 Bb4
15. Qc2 Ng4 16. Nb1 Qf6 17. e3 c5 18. Qe2 Nxe3 19. Bxe3 cxd4 20. Na3 dxe3
21. Qxe3 Qe7 22. Kh1 Bxa3 23. Rfd1 Bc5 24. Qe2 Rd8 25. Rac1 b6 26. Qh5 Bb7
27. h4 d4 28. Kh2 e3 29. Bxb7 Qxb7 30. Qe5 Qd7 31. h5 h6 32. g4 e2 33. Rd3
Qd6 34. Qe4 Rf8 35. Kg3 Bb4 36. Rxd4 e1=Q+ 37. Rxe1 Bxe1+ { White resigns }
0-1

[Event "ICC tourney 2435 (75 10)"]
[Site "Internet Chess Club"]
[Date "2021.03.07"]
[Round "5"]
[White "ARAVINDAKSHAN, SAHANA:TigerSahi"]
[Black "MOERLIEN, PUWIT SKY:SuperBlueSky"]
[Result "0-1"]
[ICCResult "White checkmated"]
[WhiteElo "1641"]
[BlackElo "1633"]
[Opening "QGD: exchange, positional line"]
[ECO "D35"]
[NIC "QO.16"]
[Time "16:31:50"]
[PlyCount "180"]
[TimeControl "4500+10"]

1. d4 d5 2. c4 e6 3. Nc3 Nf6 4. cxd5 exd5 5. Bg5 Be7 6. e3 c6 7. Bd3 Nbd7
8. Qc2 O-O 9. Nge2 Re8 10. O-O Nf8 11. f3 Nh5 12. Bxe7 Qxe7 13. e4 Be6 14.
e5 g6 15. Na4 Nd7 16. f4 Ng7 17. Ng3 f5 18. Qb3 b5 19. Nc3 b4 20. Nce2 c5
21. Bb5 c4 22. Qa4 Nb6 23. Qd1 Rec8 24. Ba4 Nxa4 25. Qxa4 a5 26. Rac1 Bd7
27. Qd1 Bb5 28. Re1 Rc7 29. Qd2 Rac8 30. Rf1 Qe6 31. Rf3 Qb6 32. a3 Ba6 33.
axb4 axb4 34. Ra1 Ne6 35. Rc1 Bb7 36. h4 h5 37. Nf1 Ra8 38. Ne3 Kh7 39. Nc2
Ra4 40. Rg3 Bc6 41. Ne3 Rf7 42. Kh2 Ra2 43. Rc2 Qb7 44. Qc1 Ba4 45. Rd2 Bb3
46. Qe1 Qc6 47. Qc1 Qa8 48. Qe1 Ra1 49. Qf2 Qc6 50. Nc2 Ra2 51. Nxb4 Qb5
52. Nxa2 Bxa2 53. Nc3 Qa5 54. Qf3 Rd7 55. Rd1 Bb3 56. Re1 Nxd4 57. Qf2 Ne6
58. Re2 d4 59. Rd2 Rd8 60. Nb1 Qd5 61. Na3 Nc5 62. Qe1 Ne4 63. Re2 Nxg3 64.
Kxg3 d3 65. Rd2 Qe4 66. Qf2 Qd4 67. Qf3 Rd5 68. e6 Kg7 69. Nb5 Rxb5 70. Qf2
Qxf2+ 71. Kxf2 Kf6 72. Ke3 Rd5 73. Kf3 Kxe6 74. g3 Rd4 75. Ke3 Re4+ 76. Kf3
Kd5 77. Kf2 Re2+ 78. Rxe2 dxe2 79. Kxe2 Ke4 80. Kf2 Kd3 81. Kf3 Bd1+ 82.
Kf2 Bg4 83. Ke1 Kc2 84. Kf2 Kxb2 85. Ke1 c3 86. Kf2 c2 87. Kg2 c1=Q 88. Kf2
Qd2+ 89. Kg1 Bh3 90. Kh1 Qg2# { White checkmated } 0-1

[Event "ICC tourney 2435 (75 10)"]
[Site "Internet Chess Club"]
[Date "2021.03.07"]
[Round "6"]
[White "VISHWA, SUSHEEL:sushivishwa"]
[Black "ZHU, RYAN:Ryan123455"]
[Result "1-0"]
[ICCResult "Black resigns"]
[WhiteElo "1750"]
[BlackElo "1687"]
[Opening "Sicilian: closed"]
[ECO "B23"]
[NIC "SI.44"]
[Time "20:01:49"]
[PlyCount "51"]
[TimeControl "4500+10"]

1. e4 c5 2. Nc3 d6 3. f4 Nc6 4. Nf3 e6 5. Bc4 a6 6. a4 g6 7. O-O Bg7 8. d3
Nge7 9. Qe1 O-O 10. f5 exf5 11. Qh4 h5 12. Bg5 Qc7 13. Bf6 Be6 14. Nd5 Bxd5
15. exd5 Bxf6 16. Qxf6 Nb4 17. Rae1 Rae8 18. Qg5 Kg7 19. Nh4 Nxc2 20. Rxe7
Rxe7 21. Nxf5+ Kg8 22. Nxe7+ Kh7 23. Nxg6 fxg6 24. Rxf8 Qg7 25. Qf6 Qxf6
26. Rxf6 { Black resigns } 1-0

[Event "ICC tourney 2435 (75 10)"]
[Site "Internet Chess Club"]
[Date "2021.03.07"]
[Round "6"]
[White "ROWLAND, OLUROTIMI:ROWLAND"]
[Black "KATAGI, SAMUEL S:Zugzwischen"]
[Result "0-1"]
[ICCResult "White checkmated"]
[WhiteElo "1552"]
[BlackElo "1699"]
[Opening "Caro-Kann: Panov-Botvinnik attack"]
[ECO "B13"]
[NIC "CK.02"]
[Time "20:02:16"]
[PlyCount "104"]
[TimeControl "4500+10"]

1. e4 c6 2. d4 d5 3. exd5 cxd5 4. c4 e6 5. a3 a6 6. Nc3 Nc6 7. Nf3 Nf6 8.
Bd3 dxc4 9. Bxc4 Bd6 10. O-O O-O 11. d5 exd5 12. Nxd5 Bg4 13. Nxf6+ Qxf6
14. Bg5 Bxf3 15. Bxf6 Bxd1 16. Raxd1 Bxh2+ 17. Kxh2 gxf6 18. Rd7 b6 19. Bd5
Ne5 20. Rd6 Rab8 21. f3 Kg7 22. Rc1 Rfd8 23. Rxd8 Rxd8 24. Be4 Rd2 25. b4
f5 26. Bb7 Ra2 27. Rc3 a5 28. bxa5 bxa5 29. Rc5 f6 30. Rxa5 Nc4 31. Rxf5
Rxa3 32. Rc5 Ne5 33. Rc7+ Kg6 34. Be4+ f5 35. Bxf5+ Kxf5 36. Rxh7 Ra2 37.
Kg3 Kg6 38. Rb7 Kf5 39. Rb5 Ra3 40. Kf2 Kf6 41. Rb6+ Kf7 42. Rb7+ Ke6 43.
Rb6+ Ke7 44. Kg3 Nd7 45. Rb7 Rd3 46. Kf4 Kf6 47. g4 Rd4+ 48. Ke3 Rd6 49. f4
Re6+ 50. Kf3 Rd6 51. Ra7 Rd3+ 52. Ke4 Nc5# { White checkmated } 0-1